 Dungeon Crawl Stone Soup version 0.25-a0-1119-g28b6fd0 (webtiles) character file.

Game seed: 3900097244438321634, levelgen mode: deterministic

541 BlueFish the Ruffian (level 7, -1/46 HPs)
             Began as an Octopode Warper on May 18, 2020.
             Slain by a sky beast (5 damage)
             ... on level 5 of the Dungeon.
             The game lasted 00:12:07 (4331 turns).

BlueFish the Ruffian (Octopode Warper)              Turns: 4331, Time: 00:12:08

Health: -1/46      AC:  1    Str: 12    XL:     7   Next: 26%
Magic:  11/11      EV: 14    Int: 16    God:
Gold:   262        SH:  0    Dex: 11    Spells: 1/11 levels left

rFire    . . .     SeeInvis .     - Unarmed
rCold    . . .     Gourm    .   (no shield)
rNeg     . . .     Faith    .   (helmet restricted)
rPois    .         Spirit   .   (no amulet)
rElec    .         Reflect  .   k - ring of resist corrosion
rCorr    +         Harm     .   g - ring of attention (curse)
MR       .....                  (no ring)
Stlth    ++........             (no ring)
HPRegen  0.15/turn              (no ring)
MPRegen  0.12/turn              (no ring)
                                (no ring)
                                (no ring)

@: no status effects
A: almost no armour, stealthy swim, amphibious, 8 rings, constrict 8, camouflage
1, gelatinous body 1
a: no special abilities


You were on level 5 of the Dungeon.
You were not hungry.

You visited 1 branch of the dungeon, and saw 5 of its levels.

You collected 262 gold pieces.

Inventory:

Missiles
 c - 5 boomerangs of dispersal
 e - 175 stones (quivered)
 o - a throwing net
Jewellery
 g - a cursed ring of attention (right tentacle)
 k - a ring of resist corrosion (left tentacle)
Scrolls
 b - 2 scrolls of blinking
 l - a scroll of teleportation
Potions
 a - 2 potions of haste
 h - a potion of might {unknown}
 i - 2 potions of stabbing
 j - a potion of cancellation {unknown}
 m - a potion of heal wounds {unknown}
 p - 2 potions of curing {unknown}
Comestibles
 d - 6 rations


   Skills:
 * Level 3.0 Fighting
 * Level 2.7 Throwing
 * Level 3.6 Dodging
 * Level 3.3 Stealth
 * Level 4.2 Unarmed Combat
 + Level 2.9 Spellcasting
 + Level 1.4 Charms
 * Level 3.7 Translocations


You had one spell level left.
You knew the following spells:

 Your Spells              Type           Power        Failure   Level  Hunger
a - Shroud of Golubria    Chrm/Tloc      ##....       10%         2    ##.....
b - Blink                 Tloc           N/A          6%          2    ##.....
c - Lesser Beckoning      Tloc           ##........   12%         3    ###....
d - Teleport Other        Tloc           ##......     12%         3    ###....

Your spell library contained the following spells:

 Spells                   Type           Power        Failure   Level  Hunger
 Gell's Gravitas          Tloc           ##........   12%         3    ###....
 Passage of Golubria      Tloc           N/A          38%         4    #####..


Dungeon Overview and Level Annotations

Branches:
Dungeon (5/15)
 Temple: D:4-7

Altars:
Dithmenos
Gozag
Kikubaaqudgha
Nemelex Xobeh
Qazlal
Vehumet
Xom
Yredelemnul
Zin

Shops:
D:4 %

Annotations:
D:3 3 runed translucent doors, mdk's ghost, amateur MiMo


Innate Abilities, Weirdness & Mutations

You cannot wear most types of armour.
You are very stealthy in the water. (Stealth+)
You are amphibious.
You can wear up to eight rings at the same time.
You can use your tentacles to constrict eight enemies at once.
Your skin changes colour to match your surroundings (Stealth+).
Your rubbery body absorbs attacks. (AC +1, EV +1)


Message History

The sky beast hits you. The sky beast shocks you.
You tentacle-slap the sky beast.
The sky beast is severely wounded.
The sky beast hits you.
* * * LOW HITPOINT WARNING * * *
The sky beast shocks you.
* * * LOW HITPOINT WARNING * * *
Your shroud falls apart!
Okay, then.
Okay, then.
You miss the sky beast.
The sky beast is severely wounded.
The sky beast hits you but does no damage.
All of the chunks of flesh in your inventory have rotted away.
You barely miss the sky beast.
The sky beast is severely wounded.
The sky beast hits you.
* * * LOW HITPOINT WARNING * * *
The sky beast shocks you.
You die...

######### #.......#
#.......# #...Y=..#
#...)@..# # #.......#
#####.### #.#####.#
#........ ###..^8^..#
#........
#...#####.###<.......
#.................###
####...####....#######
#..............# #...
#..............###.#####.#


You could see a sky beast.

Vanquished Creatures
  A scorpion (D:5)
  2 howler monkeys (D:4)
  A crimson imp (D:5)
  2 orc priests (D:3)
  An orc wizard (D:4)
  Terence (D:3)
  2 worker ants
  3 gnolls (D:3)
  10 adders
  An ooze (D:3)
  3 worms
  2 dart slugs
  A leopard gecko (D:1)
  8 orcs
  3 giant cockroaches
  6 goblins
  5 hobgoblins
  11 jackals
  3 quokkas
  10 bats
  3 frilled lizards
  7 kobolds
  A quokka skeleton (D:4)
  6 rats
93 creatures vanquished.

Notes
Turn   | Place    | Note
-------+----------+-------------------------------------------
     0 | D:1      | BlueFish the Octopode Warper began the quest for the Orb.
     0 | D:1      | Reached XP level 1. HP: 14/14 MP: 3/3
   121 | D:1      | Reached XP level 2. HP: 17/19 MP: 5/5
   128 | D:1      | Learned a level 2 spell: Shroud of Golubria
   131 | D:1      | Learned a level 2 spell: Blink
   754 | D:2      | Reached XP level 3. HP: 16/24 MP: 3/6
   909 | D:2      | Reached skill level 1 in Stealth
  1221 | D:2      | Reached XP level 4. HP: 19/29 MP: 7/7
  1698 | D:2      | Found a radiant altar of Vehumet.
  2029 | D:3      | Found a runed translucent gate.
  2030 | D:3      | Found a runed translucent gate.
  2031 | D:3      | Found a runed translucent gate.
  2033 | D:3      | Noticed mdk's ghost (amateur MiMo)
  2077 | D:3      | Reached XP level 5. HP: 34/35 MP: 6/8
  2088 | D:3      | Learned a level 3 spell: Lesser Beckoning
  2090 | D:3      | Found a stormy altar of Qazlal.
  2090 | D:3      | Found a shadowy altar of Dithmenos.
  2099 | D:3      | Found a shimmering altar of Xom.
  2099 | D:3      | Found a basalt altar of Yredelemnul.
  2099 | D:3      | Found an opulent altar of Gozag.
  2235 | D:3      | Found a glowing silver altar of Zin.
  2235 | D:3      | Noticed Terence
  2263 | D:3      | Killed Terence
  2263 | D:3      | Reached skill level 3 in Unarmed Combat
  2263 | D:3      | Reached skill level 1 in Charms
  2508 | D:3      | Reached XP level 6. HP: 8/41 MP: 9/9
  2993 | D:3      | Found a sparkling altar of Nemelex Xobeh.
  3134 | D:4      | Found Lirphy's Food Boutique.
  3247 | D:4      | Found an ancient bone altar of Kikubaaqudgha.
  4073 | D:5      | Entered Level 5 of the Dungeon
  4092 | D:5      | Noticed a sky beast
  4112 | D:4      | Reached skill level 4 in Unarmed Combat
  4112 | D:4      | Reached XP level 7. HP: 23/45 MP: 9/11
  4117 | D:4      | Learned a level 3 spell: Teleport Other
  4331 | D:5      | Slain by a sky beast

Illustrated notes

Levels and vault maps discovered:
D:1:      enne_arrival_octagon_isle, layout_loops_ring
D:2:      layout_basic, nicolae_overflow_hidden_temple, serial_aquarium,
          aquarium_bridge_square [aquarium_subvault_bridge,
          aquarium_subvault_wall, aquarium_subvault_bridge,
          aquarium_subvault_window], aquarium_bridge_long_separate
          [aquarium_subvault_wall, aquarium_subvault_bridge,
          aquarium_subvault_wall, aquarium_subvault_wall,
          aquarium_subvault_bridge, aquarium_subvault_wall],
          aquarium_window_fake, aquarium_window_fake, aquarium_window_fake,
          aquarium_view_2b, aquarium_balcony_double_4, aquarium_pool_split
D:3:      layout_loops_ring, grunt_temple_overflow_open, zin_academy,
          gammafunk_ghost_split, nemelex_diamond_rough_becter, uniq_terence
D:4:      layout_basic, kiku_gazebo_garden_becter, serial_shops, shop
D:5:      layout_basic, first_ration, ebering_dispersal_statue_hall

Skill      XL: |  1  2  3  4  5  6  7 |
---------------+----------------------+-----
Stealth        | 1 2 3 |  3.3
Dodging        | 3 |  3.6
Throwing       | 2 |  2.7
Unarmed Combat | 3 4 |  4.2
Charms         | 1 |  1.4
Fighting       | 3 |  3.0
Spellcasting   | |  2.9
Translocations | |  3.7

Action                   |  1- 3 |  4- 6 |  7- 9 || total
-------------------------+-------+-------+-------++-------
Melee: Unarmed           |   113 |   159 |    33 ||   305
       Constrict         |    30 |    38 |     3 ||    71
       Tentacles         |    16 |    32 |     5 ||    53
       Punch             |     1 |     3 |       ||     4
Throw: Stone             |       |     6 |       ||     6
 Cast: Shroud of Golubri |    20 |    29 |     2 ||    51
  Use: Potion            |     2 |       |       ||     2
       Scroll            |     1 |     5 |       ||     6
 Stab: Sleeping          |     3 |     8 |       ||    11
  Eat: Chunk             |     2 |    11 |     1 ||    14
Armor: Skin              |    27 |     7 |     3 ||    37
Dodge: Dodged            |   148 |   107 |    12 ||   267

Table legend:
 A = Non-vault XP
 B = Vault XP
 C = Vault XP percentage of total XP
 D = Non-vault monster count
 E = Vault monster count
 F = Vault count percentage of total count
                 A         B        C        D         E       F
            +---------+---------+-------+---------+---------+-------
      Total |     737 |      36 |   4.7 |      92 |       1 |   1.1
            +---------+---------+-------+---------+---------+-------
        D:1 |      26 |       0 |   0.0 |      16 |       0 |   0.0
        D:2 |     109 |       0 |   0.0 |      30 |       0 |   0.0
        D:3 |     210 |      36 |  14.6 |      23 |       1 |   4.2
        D:4 |     240 |       0 |   0.0 |      19 |       0 |   0.0
        D:5 |     152 |       0 |   0.0 |       4 |       0 |   0.0
            +---------+---------+-------+---------+---------+-------
